Unix NetHack Version 5.0.0-0 post-release - last build May  4 2026 22:22:43 (774f63e81ad911689b3a0859ea89b322d5daca8d,branch:main).

Game began 2026-05-07 05:23:02, ended 2026-05-07 07:06:19.

246786432, neutral male human Tourist

                                                    -----
                                                    |...
                                                    |.$.
                                                    |%..
                                                     .{.
                                                     ..
                                                      .
                                                      ##
                                                       #
                                                       #
                                 -------               #)
                                 |.....|                ##
                                 |.@...|               #####
                                 |a.._.|        ---------)---
                                 |..{..|        |.{.........+
                                 |....^|        |..........`|
                                 |.....-########-...........|
                                 -------        -------------

246786432 the Sightseer     St:10 Dx:12 Co:18 In:12 Wi:7 Ch:16  Neutral
Dlvl:5  $:86 HP:0(35) Pw:8(8) AC:8  Xp:3 T:957  Hungry  

Latest messages:
 You see here a +2 dart.
 The giant ant bites!
 a - a +2 dart (at the ready) (30 in total).
 The giant ant bites!
 You see here a +2 dart.
 a - a +2 dart (at the ready) (31 in total).
 The giant ant bites!
 The giant ant bites!
 What do you want to throw? [$ans or ?*] a
 In what direction? 8
 The dart misses the giant ant.
 The giant ant bites!
 What do you want to throw? [$ans or ?*] a
 In what direction? 8
 The dart misses the giant ant.
 What do you want to throw? [$ans or ?*] a
 In what direction? 8
 The dart misses the giant ant.
 The giant ant just misses!
 The giant ant bites!
 What do you want to throw? [$ans or ?*] a
 In what direction? 8
 The dart hits the giant ant.
 The giant ant bites!
 The giant ant bites!
 What do you want to throw? [$ans or ?*] ?
 In what direction? 8
 The dart misses the giant ant.
 The giant ant bites!
 What do you want to throw? [$an or ?*] s
 You don't have that object.
 What do you want to throw? [$an or ?*] t
 In what direction? ?
 In what direction? t
 What do you want to throw? [$an or ?*] ?
 Never mind.
 What do you want to throw? [$an or ?*] n
 In what direction? 8
 The sling misses the giant ant.
 The giant ant bites!
 The giant ant bites!
 You are beginning to feel hungry.
 The giant ant bites!
 The giant ant bites!
 You die...
 Do you want your possessions identified? [ynq] (y) y
 Do you want to see your attributes? [ynq] (y) y
 Do you want an account of creatures vanquished? [ynaq] (y) y
 Do you want to see your conduct and achievements? [ynq] (y) y
 Do you want to see the dungeon overview? [ynq] (y) y

Inventory:
 Coins    ('$')
  $ - 86 gold pieces
 Weapons  (')')
  a - 27 +2 darts (at the ready)
  p - a cursed +0 orcish dagger (weapon in right hand)
 Armor    ('[')
  q - a blessed +0 orcish helm (being worn)
  o - an uncursed +0 pair of speed boots (being worn)
  k - an uncursed +0 Hawaiian shirt with a plumeria motif (being worn)
  r - a cursed -3 ring mail (being worn)
 Comestibles  ('%')
  f - 2 uncursed cream pies
  c - 4 uncursed food rations
  w - an uncursed lembas wafer
  b - 5 uncursed tripe rations
  i - a cursed tripe ration
  e - an uncursed tin of boiled lichen
  d - an uncursed egg
  y - an uncursed iguana corpse
 Scrolls  ('?')
  v - an uncursed scroll of identify
  j - 4 uncursed scrolls of magic mapping
 Potions  ('!')
  h - an uncursed potion of extra healing
  t - an uncursed potion of sickness
 Wands    ('/')
  z - a wand of make invisible (0:5)
 Tools    ('(')
  m - an uncursed credit card
  l - an expensive camera (0:50)
  u - an uncursed wax candle
 Boulders/Statues  ('`')
  x - an empty uncursed statue of a grid bug

246786432 the Tourist's attributes:

Background:
 You were a Sightseer, a level 3 male human Tourist.
 You were neutral, on a mission for The Lady
 who was opposed by Blind Io (lawful) and Offler (chaotic).
 You were right-handed.
 You were in the Dungeons of Doom, on level 5.
 You entered the dungeon 957 turns ago.
 You had 76 experience points, 4 more were needed to attain level 4.

Basics:
 You had 0 out of 35 hit points.
 You had all 8 energy points (spell power).
 Your armor class was 8.
 Your wallet contained 86 zorkmids.
 Autopickup was off.

Final Characteristics:
 Your strength was 10 (limit:18/100).
 Your dexterity was 12 (limit:18).
 Your constitution was 18 (limit:18).
 Your intelligence was 12 (limit:18).
 Your wisdom was 7 (limit:18).
 Your charisma was 16 (limit:18).

Final Status:
 You were hungry.
 You were unencumbered.
 You were wielding a dagger.
 You were unskilled in dagger and could have enhanced that.

Final Attributes:
 You were devoutly aligned.
 You were warded.
 You were very fast.
 You are dead.

Miscellaneous:
 You didn't encounter any bones levels.
 Total elapsed playing time was 31 minutes and 19 seconds.

Major events:
 Turn
    1: 246786432 the neutral male human Tourist entered the dungeon
  573: attained the rank of Sightseer (level 3)
  771: entered the Gnomish Mines
  957: killed by a giant ant

You didn't know any spells.

Skills:
 Fighting Skills
   bare handed combat [Unskilled]
   two weapon combat  [Unskilled]
   riding             [Unskilled]
 Weapon Skills
   dagger             [Unskilled]
   knife              [Unskilled]
   axe                [Unskilled]
   pick-axe           [Unskilled]
   short sword        [Unskilled]
   broadsword         [Unskilled]
   long sword         [Unskilled]
   two-handed sword   [Unskilled]
   saber              [Unskilled]
   mace               [Unskilled]
   morning star       [Unskilled]
   flail              [Unskilled]
   hammer             [Unskilled]
   quarterstaff       [Unskilled]
   polearms           [Unskilled]
   spear              [Unskilled]
   trident            [Unskilled]
   lance              [Unskilled]
   bow                [Unskilled]
   sling              [Unskilled]
   crossbow           [Unskilled]
   dart               [Basic]
   shuriken           [Unskilled]
   boomerang          [Unskilled]
   whip               [Unskilled]
   unicorn horn       [Unskilled]
 Spellcasting Skills
   divination spells  [Unskilled]
   enchantment spells [Unskilled]
   escape spells      [Unskilled]

Voluntary challenges:
 Character rerolling was not enabled.
 You were an atheist.
 You were illiterate.
 You never genocided any monsters.
 You never polymorphed an object.
 You never changed form.
 You used no wishes.
Achievements:
 You attained the rank of Sightseer.
 You entered the Gnomish Mines.

 The Dungeons of Doom: levels 1 to 6
    Level 1:
       An altar, a grave.
    Level 2:
       A fountain.
    Level 3:
       A sink.
       Stairs down to The Gnomish Mines.
    Level 4:
    Level 5: <- You were here.
       An altar, many fountains.
       Final resting place for
          you, killed by a giant ant.
    Level 6:
 The Gnomish Mines:
    Level 4:


Vanquished creatures:
  2 iguanas
  a manes
  a giant rat
  2 jackals
  3 kobolds
  a goblin
  a sewer rat
  a grid bug
  3 lichens
  a kobold zombie
  5 newts
21 creatures vanquished.

No species were genocided or became extinct.

Game over:
                       ----------
                      /          \
                     /    REST    \
                    /      IN      \
                   /     PEACE      \
                  /                  \
                  |    246786432     |
                  |      86 Au       |
                  |   killed by a    |
                  |    giant ant     |
                  |                  |
                  |                  |
                  |       2026       |
                 *|     *  *  *      | *
        _________)/\\_//(\/(/\)/\//\/|_)_______

Aloha 246786432 the Tourist...

You died in The Dungeons of Doom on dungeon level 5 with 609 points,
and 86 pieces of gold, after 957 moves.
You were level 3 with a maximum of 35 hit points when you died.

